 Dungeon Crawl Stone Soup version 0.27.1-33-g824d729ab1 (webtiles) character file.

Game seed: 7762618649870184005

85 Gabide the Cudgeller (level 4, -3/35 HPs)
             Began as a Human Monk on Dec 5, 2021.
             Succumbed to a kobold's poison
             ... on level 3 of the Dungeon.
             The game lasted 00:04:43 (3460 turns).

Gabide the Cudgeller (Human Monk)                   Turns: 3460, Time: 00:04:44

Health: -3/35      AC:  6    Str: 12    XL:     4   Next: 75%
Magic:  4/4        EV: 11    Int: 11    God:
Gold:   122        SH:  4    Dex: 15    Spells: 3/3 levels left

rFire    . . .     SeeInvis .   a - +0 mace
rCold    . . .     Faith    .   j - +0 buckler
rNeg     . . .     Spirit   .   h - +0 ring mail
rPois    .         Reflect  .   (no helmet)
rElec    .         Harm     .   i - +0 cloak
rCorr    .         Rampage  .   (no gloves)
Will     .....                  (no boots)
Stlth    +.........             (no amulet)
HPRegen  0.11/turn              (no ring)
MPRegen  0.09/turn              (no ring)

@: lethally poisoned (-3 -> -30), about to teleport
A: no striking features
a: no special abilities


You were on level 3 of the Dungeon.
You visited 1 branch of the dungeon, and saw 3 of its levels.

You collected 122 gold pieces.

Inventory:

Hand Weapons
 a - a +0 mace (weapon)
Missiles
 e - 4 javelins (quivered)
Armour
 h - a +0 ring mail (worn)
 i - a +0 cloak (worn)
 j - a +0 buckler (worn)
Scrolls
 b - a scroll of amnesia {unknown}
 f - 2 scrolls of teleportation
Potions
 d - a potion of lignification {unknown}
 g - a potion of invisibility
 k - a potion of magic {unknown}


   Skills:
 + Level 3.2 Fighting
 + Level 3.8 Maces & Flails
 + Level 0.3 Throwing
 + Level 1.1 Armour
 + Level 3.5 Dodging
 + Level 2.2 Stealth
 * Level 1.0 Shields


You had 3 spell levels left.
You didn't know any spells.
Your spell library contained the following spells:

 Spells                   Type           Power      Damage    Failure   Level
 Corona                   Hex            0%         N/A       75%         1
 Ensorcelled Hibernation  Hex/Ice        0%         N/A       87%         2
 Slow                     Hex            0%         N/A       87%         2
 Confusing Touch          Hex            0%         N/A       98%         3
 Dazzling Flash           Conj/Hex       0%         N/A       98%         3
 Tukima's Dance           Hex            0%         N/A       98%         3
 Agony                    Necr           0%         N/A       100%        5
 Silence                  Hex/Air        0%         N/A       100%        5
 Yara's Violent Unravell  Hex/Tmut       0%         3d3       100%        5


Dungeon Overview and Level Annotations

Branches:
Dungeon (3/15)

Altars:
Dithmenos


Message History

You kill the endoplasm!
No target in view!
No target in view!
No target in view!
No target in view!
No target in view!
No target in view!
Found 14 gold pieces.
A kobold comes into view. It is wielding a +2 dagger of venom.
A kobold is nearby!
The kobold shouts!
You closely miss the kobold. The kobold completely misses you.
You closely miss the kobold.
The kobold hits you with a +2 dagger of venom.
You are poisoned.
You closely miss the kobold.
You feel very sick.
The kobold hits you with a +2 dagger of venom.
You are more poisoned.
The kobold closely misses you.
You closely miss the kobold.
You feel very sick.
The kobold hits you with a +2 dagger of venom.
You are more poisoned.
You are too injured to fight recklessly!
You are too injured to fight recklessly!
You are too injured to fight recklessly!
You are too injured to fight recklessly!
You are too injured to fight recklessly!
You are too injured to fight recklessly!
You are too injured to fight recklessly!
You feel very sick. The kobold hits you but does no damage.
You are more poisoned.
As you read the scroll of teleportation, it crumbles to dust.
You feel strangely unstable.
* * * LOW HITPOINT WARNING * * *
You feel extremely sick. You block the kobold's attack.
You die...

# ### ##### .##..
...######## .#.#####
#.#.#....# ......#
#......#.# # #.#
#.###...$....####
.##.###.........K......
............#.#....###.
##.##########.#.@#.#
#.# #.#....# #.#
#+###### #.# #.## #..##
##...#### ........+
##...####


You could see a kobold.

Vanquished Creatures
  5 adders (D:3)
  A worm (D:3)
  5 endoplasms
  2 giant cockroaches (D:2)
  6 goblins
  4 hobgoblins
  3 quokkas
  2 ball pythons
  3 bats
  3 frilled lizards (D:2)
  A kobold (D:3)
  3 rats
38 creatures vanquished.

Notes
Turn   | Place    | Note
-------+----------+-------------------------------------------
     0 | D:1      | Gabide the Human Monk began the quest for the Orb.
     0 | D:1      | Reached XP level 1. HP: 18/18 MP: 1/1
   648 | D:1      | Reached XP level 2. HP: 20/24 MP: 2/2
  1778 | D:2      | Reached XP level 3. HP: 22/29 MP: 3/3
  2943 | D:3      | Found a faded altar of an unknown god.
  2955 | D:3      | Reached XP level 4. HP: 26/35 MP: 4/4
  3058 | D:3      | Reached skill level 1 in Armour
  3332 | D:3      | Reached skill level 1 in Shields
  3376 | D:3      | Found a shadowy altar of Dithmenos.
  3460 | D:3      | Succumbed to a kobold's poison

Illustrated notes

Levels and vault maps discovered:
D:1:      amcnicky_arrival_flooded_fountain, layout_basic
D:2:      layout_basic
D:3:      layout_loops_corners, grunt_dithmenos_smoke_and_mirrors,
          hellmonk_ecumenical_altar_pennies_from_heaven, uniq_jessica

Skill      XL: |  1  2  3  4 |
---------------+-------------+-----
Armour         | 1 |  1.1
Shields        | 1 |  1.0
Fighting       | |  3.2
Maces & Flails | |  3.8
Throwing       | |  0.3
Dodging        | |  3.5
Stealth        | |  2.2

Action                   |  1- 3 |  4- 6 || total
-------------------------+-------+-------++-------
Melee: Mace              |   122 |    32 ||   154
Throw: Javelin           |     9 |     1 ||    10
  Use: Scroll            |     6 |     1 ||     7
       Potion            |     1 |     1 ||     2
 Stab: Sleeping          |     4 |     1 ||     5
Armor: Leather armour    |    30 |     9 ||    39
       Ring mail         |       |     1 ||     1
Dodge: Dodged            |    80 |    23 ||   103
Block: Buckler           |    19 |     3 ||    22
